 Dungeon Crawl Stone Soup version 0.23-a0-448-g1c01f63 (webtiles) character file.

154775 Garbasso the Bludgeoner (level 16, -21/154 HPs)
             Began as a Deep Dwarf Warper on Nov 20, 2018.
             Was the Champion of Makhleb.
             Killed from afar by a deep elf mage (37 damage)
             ... with a bolt of lightning
             ... on level 2 of the Elven Halls.
             The game lasted 01:36:38 (27327 turns).

Garbasso the Bludgeoner (Deep Dwarf Warper)        Turns: 27327, Time: 01:36:39

Health: -21/154    AC: 28    Str: 24    XL:     16   Next: 79%
Magic:  5/5        EV: 12    Int: 22    God:    Makhleb [******]
Gold:   887        SH: 23    Dex: 22    Spells: 16/18 levels left

rFire    + + .     SeeInvis .   a - +3 demon whip (elec)
rCold    . . .     Gourm    .   g - +0 large shield
rNeg     + + .     Faith    .   l - +1 plate armour {rN+}
rPois    .         Spirit   .   E - +2 hat
rElec    .         Reflect  +   H - +0 cloak of the Devil's Advocate {-Tele MR+ Int+3}
rCorr    .         Harm     .   Y - +1 pair of gloves of the Arcane {rF+ Dex+10}
MR       +++++     NoTele   +   P - +2 pair of boots {run}
Stlth    ..........             T - +4 amulet of reflection
HPRegen  0.00/turn              S - ring of Juepnal {rF+ MR+ Str+4 Int+3 Stlth-}
MPRegen  0.09/turn              J - +4 ring of evasion

@: non-regenerating, quick
A: damage resistance, heal wounds, magic resistance 1, negative energy
resistance 1, sense surroundings 2, teleportitis 1, no regeneration
}: 1/15 runes: abyssal
a: Heal Wounds, Minor Destruction, Lesser Servant of Makhleb, Major Destruction,
Greater Servant of Makhleb, Renounce Religion


You were on level 2 of the Elven Halls.
You worshipped Makhleb.
Makhleb was exalted by your worship.
You were not hungry.

You visited 6 branches of the dungeon, and saw 28 of its levels.
You visited the Abyss 1 time.
You visited 1 bazaar.
You also visited: Ossuary and Bailey.

You collected 3430 gold pieces.
You spent 2543 gold pieces at shops.

Inventory:

Hand Weapons
 a - a +3 demon whip of electrocution (weapon)
 b - a +2 hunting sling of freezing
Missiles
 c - 107 sling bullets
Armour
 g - a +0 large shield (worn)
 l - a +1 plate armour of positive energy (worn)
 y - a scarf of resistance
 E - a +2 hat (worn)
 F - a scarf of repulsion
 H - the +0 cloak of the Devil's Advocate (worn) {-Tele MR+ Int+3}
   (You found it on level 14 of the Dungeon)

   It affects your intelligence (+3).
   It affects your resistance to hostile enchantments.
   It prevents most forms of teleportation.
 P - a +2 pair of boots of running (worn)
 Y - the +1 pair of gloves of the Arcane (worn) {rF+ Dex+10}
   (You acquired it on level 14 of the Dungeon)

   It affects your dexterity (+10).
   It protects you from fire.
Jewellery
 B - an uncursed ring of resist corrosion
 J - a +4 ring of evasion (right hand)
 S - the ring of Juepnal (left hand) {rF+ MR+ Str+4 Int+3 Stlth-}
   (You found it on level 5 of the Lair of Beasts)

   [ring of attention]

   It affects your strength (+4).
   It affects your intelligence (+3).
   It protects you from fire.
   It affects your resistance to hostile enchantments.
   It makes you less stealthy.
 T - a +4 amulet of reflection (around neck)
Wands
 q - a wand of iceblast (11)
 v - a wand of acid (10)
 w - a wand of disintegration (14)
 K - a wand of digging (4)
 Q - a wand of polymorph (19)
 X - a wand of paralysis (1)
Scrolls
 d - 5 scrolls of blinking
 k - 6 scrolls of amnesia
 n - 10 scrolls of teleportation
 o - 7 scrolls of immolation
 p - 2 scrolls of fear
 r - 13 scrolls of remove curse
 s - 10 scrolls of identify
 U - 4 scrolls of magic mapping
 V - 4 scrolls of fog
 W - a scroll of torment
 Z - 2 scrolls of summoning
Potions
 h - 4 potions of lignification
 j - 8 potions of flight
 m - 2 potions of heal wounds
 u - 9 potions of haste
 x - 5 potions of cancellation
 z - 2 potions of ambrosia {unknown}
 A - a potion of resistance
 G - 12 potions of curing
 I - 2 potions of agility
 N - 2 potions of might
 O - 2 potions of berserk rage
 R - a potion of brilliance
Miscellaneous
 e - a sack of spiders
 i - a lamp of fire (inert)
 t - a phial of floods (inert)
Comestibles
 f - 38 rations
 C - 2 chunks of flesh


   Skills:
 + Level 12.7 Fighting
 - Level 15.6 Maces & Flails
 - Level 0.8 Throwing
 + Level 15.3 Armour
 - Level 5.3 Dodging
 * Level 10.3 Shields
 - Level 1.7 Spellcasting
 - Level 5.3 Translocations
 - Level 13.7 Invocations
 + Level 10.7 Evocations


You had 16 spell levels left.
You knew the following spells:

 Your Spells              Type           Power        Failure   Level  Hunger
f - Blink                 Tloc           N/A          77%         2    ###....

Your spell library contained the following spells:

 Spells                   Type           Power        Failure   Level  Hunger
 Gell's Gravitas          Tloc           ####......   94%         3    ###....
 Lesser Beckoning         Tloc           ####......   94%         3    ###....
 Teleport Other           Tloc           ####....     94%         3    ###....
 Shroud of Golubria       Chrm/Tloc      ##........   98%         2    ###....
 Confusing Touch          Hex            #.....       100%        1    #......
 Corona                   Hex            #......      100%        1    #......
 Magic Dart               Conj           #...         100%        1    #......
 Summon Small Mammal      Summ           #...         100%        1    #......
 Call Imp                 Summ           #.......     100%        2    ###....
 Ensorcelled Hibernation  Hex/Ice        #.....       100%        2    ###....
 Poisonous Vapours        Pois/Air       #.....       100%        2    ###....
 Slow                     Hex            #.......     100%        2    ###....
 Call Canine Familiar     Summ           #.......     100%        3    ###....
 Confuse                  Hex            #.......     100%        3    ###....
 Conjure Flame            Conj/Fire      #.......     100%        3    ###....
 Dazzling Spray           Conj/Hex       #.....       100%        3    ###....
 Mephitic Cloud           Conj/Pois/Air  #.......     100%        3    ###....
 Static Discharge         Conj/Air       #.......     100%        3    ###....
 Summon Guardian Golem    Hex/Summ       #.......     100%        3    ###....
 Tukima's Dance           Hex            #.......     100%        3    ###....
 Leda's Liquefaction      Hex/Erth       #.........   100%        4    #####..
 Passage of Golubria      Tloc           N/A          100%        4    #####..
 Petrify                  Tmut/Erth      #.......     100%        4    #####..
 Summon Ice Beast         Ice/Summ       #.......     100%        4    #####..
 Summon Lightning Spire   Summ/Air       #.......     100%        4    #####..
 Bolt of Magma            Conj/Fire/Erth #.........   100%        5    ######.
 Iskenderun's Battlesphe  Conj/Chrm      #.......     100%        5    ######.
 Lightning Bolt           Conj/Air       #.........   100%        5    ######.
 Metabolic Englaciation   Hex/Ice        #.........   100%        5    ######.
 Venom Bolt               Conj/Pois      #.........   100%        5    ######.
 Yara's Violent Unravell  Hex/Tmut       #.........   100%        5    ######.
 Freezing Cloud           Conj/Ice/Air   #.........   100%        6    #######
 Iron Shot                Conj/Erth      #.........   100%        6    #######
 Statue Form              Tmut/Erth      #........    100%        6    #######
 Orb of Destruction       Conj           #.........   100%        7    #######
 Ring of Flames           Chrm/Fire      #.........   100%        7    #######
 Spellforged Servitor     Conj/Summ      #.........   100%        7    #######
 Ignition                 Fire           #.........   100%        8    #######
 Shatter                  Erth           #.........   100%        9    #######
 Tornado                  Air            #.........   100%        9    #######


Dungeon Overview and Level Annotations

Branches:
Dungeon (15/15)            Temple (1/1) D:5            Lair (6/6) D:10
  Swamp (2/4) Lair:4        Snake (0/4) Lair:2        Slime (0/5) Lair:5
    Orc (2/2) D:12            Elf (2/3) Orc:2        Vaults (0/5) D:14
 Depths (0/5) D:15

Altars:
Ashenzari
Cheibriados
Dithmenos
Elyvilon
Fedhas
Gozag
Hepliaklqana
Kikubaaqudgha
Makhleb
Nemelex Xobeh
Okawaru
Qazlal
Ru
Sif Muna
Trog
Uskayaw
Vehumet
Wu Jian
Xom
Yredelemnul
Zin
The Shining One
Beogh
Jiyva

Shops:
D:14 ((%?*   Orc:2 }%[(   Elf:1 :

Annotations:
D:10 3 runed doors, Lavandula's ghost, novice OpHu
Elf:1 1 runed door, lurker's ghost, journeyman MiBe


Innate Abilities, Weirdness & Mutations

You are resistant to damage.
You can heal yourself by infusing magical energy.
You resist negative energy. (rN+)
You passively map the area around you.
You do not regenerate.
You are resistant to hostile enchantments. (MR+)
You are occasionally teleported next to monsters.


Message History

You feel a strange sense of stasis.
Your ufetubus hits the deep elf mage.
Your ufetubus hits the deep elf mage but does no damage.
You miss the +6 short sword of distortion.
Your ufetubus hits the deep elf mage. x2; Your ynoxinul hits the deep elf mage.
Your shield and plate armour prevent you from hitting the +6 short sword of The +6 short sword of distortion hits you but does no damage.
Space warps horribly around you!
* * * LOW HITPOINT WARNING * * *
Your ufetubus hits the deep elf mage but does no damage.
Your ufetubus misses the deep elf mage.
The deep elf mage gestures wildly while chanting.
The deep elf mage blinks!
The red devil barely misses your ynoxinul.
The deep elf mage casts a spell at you.
The bolt of lightning hits your ufetubus.
Your ufetubus dies!
The bolt of lightning hits the +6 short sword of distortion.
The +6 short sword of distortion completely resists.
The bolt of lightning hits you!
You die...

, .$.###..≈≈≈≈≈.#
* * ,
,.....?.§≈≈....#
,,
,,.#.....Y..≈≈≈.#
*
......e.54..≈.#,,,
, ,
......#(e3§§..+ ,
, ......#ee#3#e.#
* ** ,
......#Y..(<..#, ,
* ,
.....:#(##....# ,
***
......#@##.#..# *
* * *
......#.##.#....#,
, ,*
......#.........#
, * *
#################
* * * * * ,,,** **
* * + * , , , , *
, ,, , , ,, , , ,
,,,,,, , ,,, ,, ,


You could see a deep elf archer, 3 deep elf magi, a red devil, 2 ice beasts, a
+6 short sword of distortion, a friendly ynoxinul and a friendly ufetubus.

Vanquished Creatures
  Gastronok (D:8)
  Louise (D:15)
  An orc warlord (Orc:2)
  Nessos (Orc:2)
  6 ettins (Abyss:3)
  Fannar (Orc:1)
  A yaktaur captain (D:15)
  A great orb of eyes (Abyss:3)
  11 hydras
  4 catoblepae
  A ghost crab (Swamp:2)
  5 two-headed ogres
  Erica (D:9)
  6 centaur warriors
  5 dancing weapons (Elf:1)
  8 death yaks (Lair:6)
  9 alligators
  A death knight (D:15)
  2 shambling mangroves (Swamp:2)
  3 tengu warriors (D:15)
  3 thrashing horrors (Abyss:3)
  5 slime creatures
  5 deep elf knights (Elf:1)
  5 skeletal warriors
  An unseen horror (D:13)
  3 deep elf archers (Elf:1)
  A swamp dragon (Swamp:1)
  Pikel (D:9)
  2 wizards (D:14)
  An oklob plant (Lair:5)
  4 manticores
  6 cyclopes
  16 deep elf magi (Elf:1)
  3 orc sorcerers
  7 orc knights
  13 ugly things
  5 starcursed masses (Abyss:3)
  Joseph (D:9)
  An apocalypse crab (Abyss:3)
  5 elephants
  2 black mambas
  11 spiny frogs
  Psyche (D:8)
  2 gargoyles
  A redback zombie (D:15)
  An efreet (D:14)
  2 centaur skeletons
  2 freezing wraiths (D:15)
  A kobold demonologist (D:15)
  6 komodo dragons
  A polar bear (Lair:2)
  An ancient zyme (Abyss:3)
  11 tyrant leeches
  A queen bee (Lair:2)
  A silent spectre (Abyss:3)
  7 hornets
  7 trolls
  4 raiju (Abyss:3)
  6 dream sheep (Lair:5)
  2 bog bodies
  10 blink frogs
  5 air elementals (Elf:1)
  3 ettin skeletons (Abyss:3)
  11 hippogriffs
  A ynoxinul (Abyss:3)
  2 shadows
  7 wraiths
  56 yaks
  4 wyverns
  3 spriggans (Swamp:2)
  A basilisk (D:10)
  A fire elemental (Elf:1)
  A chaos spawn (Abyss:3)
  Grum (D:11)
  3 wargs
  4 swamp worms
  2 vampire mosquitoes (D:12)
  2 nagas (Lair:2)
  An acid dragon (D:8)
  A floating eye (Abyss:3)
  16 water moccasins
  An ice beast (D:7)
  2 swamp drakes (Swamp:2)
  11 porcupines
  5 phantoms
  3 slaves (D:9)
  49 orc warriors
  3 sky beasts
  7 black bears
  3 eyes of draining
  3 boggarts (D:15)
  39 killer bees
  5 wolves
  17 ogres
  5 centaurs
  14 crocodiles
  2 big kobolds (D:12)
  13 bullfrogs
  2 elf zombies (Ossuary)
  4 gnoll sergeants
  2 earth elementals
  A wyvern skeleton (D:8)
  3 scorpions
  2 electric eels
  17 wights
  5 howler monkeys
  2 bullfrog zombies
  8 centaur zombies
  8 crimson imps
  A quasit (D:11)
  32 orc wizards
  2 hounds
  A bullfrog skeleton (D:3)
  A human zombie (Ossuary)
  26 orc priests
  Crazy Yiuf (D:3)
  6 jellies
  An iron imp (Abyss:3)
  4 iguanas
  A hell rat (Lair:2)
  16 worker ants
  2 big kobold zombies (Ossuary)
  2 hound zombies
  A worker ant zombie (D:5)
  4 mummies (Ossuary)
  A howler monkey zombie (D:6)
  14 gnolls
  3 howler monkey skeletons
  11 adders
  A river rat (Lair:2)
  3 shadow imps
  An ooze (D:1)
  An adder zombie (D:5)
  2 adder skeletons
  2 worms
  3 dart slugs
  7 leopard geckos
  117 orcs
  3 giant cockroaches
  A gnoll zombie (Ossuary)
  7 goblins
  7 hobgoblins
  4 jackals
  13 kobolds
  4 quokkas
  10 bats
  6 frilled lizards
  A hobgoblin zombie (Ossuary)
  3 jackal zombies (Ossuary)
  A leopard gecko zombie (D:8)
  An orc zombie (Ossuary)
  8 rats
  A fungus (Lair:5)
  A plant (Lair:6)
936 creatures vanquished.

Vanquished Creatures (collateral kills)
  Urug (D:10)
  2 orc sorcerers (Orc:2)
  An ugly thing (D:14)
  A spiny frog (Lair:1)
  A komodo dragon (Lair:1)
  A tengu conjurer (D:15)
  2 raiju (Abyss:3)
  6 yaks
  A warg (Orc:1)
  A porcupine (Lair:1)
  A phantom (D:10)
  3 orc warriors
  An ogre (Orc:2)
  A wight (D:12)
  8 orcs (Orc:2)
  A plant (D:10)
32 creatures vanquished.

Vanquished Creatures (others)
  A deep elf sorcerer (Elf:1)
  2 dancing weapons
  A deep elf knight (Elf:1)
  An unseen horror (D:13)
  2 deep elf archers (Elf:1)
  A water elemental (Elf:2)
  A hog (shapeshifter) (Elf:1)
  An ice beast (D:7)
  A scorpion (D:7)
  2 killer bees (D:7)
  An orc priest (Orc:2)
  6 orcs
  6 fungi
  6 plants
32 creatures vanquished.

Grand Total: 1000 creatures vanquished

Notes
Turn   | Place    | Note
-------+----------+-------------------------------------------
     0 | D:1      | Garbasso the Deep Dwarf Warper began the quest for the Orb.
     0 | D:1      | Reached XP level 1. HP: 19/19 MP: 3/3
   476 | D:1      | Reached XP level 2. HP: 21/26 MP: 3/3
   725 | D:1      | Learned a level 2 spell: Blink
   909 | D:1      | Reached XP level 3. HP: 30/32 MP: 3/3
  1441 | D:2      | Reached XP level 4. HP: 35/40 MP: 2/2
  1798 | D:3      | Reached XP level 5. HP: 36/48 MP: 2/2
  2136 | D:3      | Found a runed door.
  2722 | D:3      | Noticed Crazy Yiuf
  2726 | D:3      | Paralysed by Crazy Yiuf for 6 turns
  2738 | D:3      | Killed Crazy Yiuf
  2801 | D:4      | Reached XP level 6. HP: 35/56 MP: 3/3
  2994 | D:4      | Reached skill level 5 in Maces & Flails
  3064 | D:4      | Found a sand-covered staircase.
  3071 | Ossuary  | Entered an ossuary
  3114 | Ossuary  | Reached XP level 7. HP: 42/63 MP: 3/3
  3434 | D:4      | Reached skill level 1 in Evocations
  4122 | D:5      | Entered Level 5 of the Dungeon
  4233 | D:5      | Reached skill level 5 in Armour
  4233 | D:5      | Reached XP level 8. HP: 70/73 MP: 2/2
  4322 | D:5      | Found a staircase to the Ecumenical Temple.
  4323 | D:5      | Noticed a hippogriff
  4338 | D:5      | Killed a hippogriff
  4368 | Temple   | Entered the Ecumenical Temple
  4655 | Temple   | Became a worshipper of Makhleb the Destroyer
  5662 | D:6      | Reached skill level 5 in Fighting
  6337 | D:7      | Gained mutation: You passively map the area around you.
                  | [Deep Dwarf growth]
  6337 | D:7      | Reached XP level 9. HP: 63/81 MP: 3/3
  6686 | D:7      | Reached * piety under Makhleb
  6686 | D:7      | Reached skill level 5 in Evocations
  7340 | D:7      | Reached skill level 1 in Invocations
  7391 | D:7      | Found a blossoming altar of Fedhas.
  7398 | D:7      | Found a bloodstained altar of Trog.
  7403 | D:7      | Found a stormy altar of Qazlal.
  7414 | D:7      | Found a sparkling altar of Nemelex Xobeh.
  7421 | D:7      | Found a basalt altar of Yredelemnul.
  7426 | D:7      | Found a sacrificial altar of Ru.
  7433 | D:7      | Found an iron altar of Okawaru.
  7813 | D:8      | Reached ** piety under Makhleb
  7879 | D:8      | Noticed Gastronok
  8005 | D:8      | Reached XP level 10. HP: 91/92 MP: 3/3
  8068 | D:8      | Killed Gastronok
  8068 | D:8      | Reached skill level 10 in Maces & Flails
  8068 | D:8      | Reached skill level 5 in Invocations
  8093 | D:8      | Noticed Psyche
  8098 | D:8      | Killed Psyche
  8271 | D:8      | Noticed an angel
  8273 | D:8      | Found a shimmering altar of Xom.
  8280 | D:8      | Found a glowing silver altar of Zin.
  8485 | D:9      | Noticed Erica
  8488 | D:9      | Gained mutation: You are occasionally teleported next to
                  | monsters. [potion of mutation]
  8488 | D:9      | Gained mutation: You are resistant to hostile enchantments.
                  | (MR+) [potion of mutation]
  8501 | D:9      | Killed Erica
  8593 | D:9      | Noticed Joseph
  8608 | D:9      | Killed Joseph
  8664 | D:9      | Reached XP level 11. HP: 100/100 MP: 3/3
  8740 | D:9      | Noticed Pikel
  8754 | D:9      | Killed Pikel
  8915 | D:10     | Entered Level 10 of the Dungeon
  8995 | D:10     | Found a flagged portal.
  9018 | Bailey   | Entered a bailey
  9019 | Bailey   | Noticed an orc knight
  9068 | Bailey   | Killed an orc knight
  9075 | Bailey   | Reached *** piety under Makhleb
  9435 | D:10     | Noticed Lavandula's ghost (novice OpHu)
  9437 | D:10     | Found a runed gate.
  9437 | D:10     | Found a runed gate.
  9437 | D:10     | Found a runed gate.
  9437 | D:10     | Noticed a flayed ghost
  9552 | D:10     | Found a snail-covered altar of Cheibriados.
  9592 | D:10     | Found a staircase to the Lair.
 10132 | D:10     | Noticed Urug
 10157 | D:10     | Killed Urug
 10271 | Lair:1   | Entered Level 1 of the Lair of Beasts
 10510 | Lair:1   | Reached **** piety under Makhleb
 10735 | Lair:1   | Reached XP level 12. HP: 75/112 MP: 3/3
 11032 | Lair:1   | Reached skill level 10 in Armour
 11562 | Lair:2   | Found a staircase to the Snake Pit.
 11601 | Lair:2   | Noticed a seven-headed hydra
 11616 | Lair:2   | Killed a seven-headed hydra
 11977 | Lair:2   | Reached skill level 10 in Invocations
 12747 | Lair:3   | Reached ***** piety under Makhleb
 13463 | Lair:4   | Found a shadowy altar of Dithmenos.
 13612 | Lair:4   | Noticed a seven-headed hydra
 13646 | Lair:4   | Killed a seven-headed hydra
 13646 | Lair:4   | Reached XP level 13. HP: 85/121 MP: 4/6
 14293 | Lair:4   | Found a staircase to the Swamp.
 14607 | Lair:5   | Found a viscous altar of Jiyva.
 14608 | Lair:5   | Found a staircase to the Slime Pits.
 14690 | Lair:5   | Reached skill level 10 in Fighting
 15373 | Lair:5   | Got a brightly glowing ivory ring
 15374 | Lair:5   | Identified the ring of Juepnal {rF+ MR+ Str+4 Int+3 Stlth-}
                  | (You found it on level 5 of the Lair of Beasts)
 15430 | Lair:6   | Entered Level 6 of the Lair of Beasts
 15877 | Lair:6   | Reached skill level 15 in Maces & Flails
 16284 | Lair:6   | Identified a scroll of acquirement
 16286 | Lair:6   | Got a pair of twisted boots
 16297 | Lair:6   | Identified the +0 pair of boots "Honent" {Str+2 Int-5
                  | Dex+5} (You acquired it on level 6 of the Lair of Beasts)
 16346 | Lair:6   | Gained mutation: You resist negative energy. (rN+) [Deep
                  | Dwarf growth]
 16346 | Lair:6   | Reached XP level 14. HP: 127/133 MP: 6/6
 17201 | D:11     | Found a flickering gateway to a bazaar.
 17210 | Bazaar   | Entered a bazaar
 17278 | Bazaar   | Found Dimao's Book Shop.
 17295 | Bazaar   | Found Fenugy's Antique Armour Emporium.
 17311 | Bazaar   | Found Ogeut's Antique Armour Shoppe.
 17536 | D:11     | Found a stormy altar of Qazlal.
 17689 | D:11     | Noticed Grum
 17700 | D:11     | Killed Grum
 18353 | D:12     | Found a staircase to the Orcish Mines.
 18550 | D:12     | Reached ****** piety under Makhleb
 19597 | D:14     | Found Kilabuh's General Store.
 19599 | D:14     | Bought a scroll of immolation for 35 gold pieces
 19599 | D:14     | Bought a scroll of identify for 20 gold pieces
 19633 | D:14     | Reached skill level 5 in Translocations
 19700 | D:14     | Got an ancient cloak
 19701 | D:14     | Identified the cursed +0 cloak of the Devil's Advocate
                  | {-Tele MR+ Int+3} (You found it on level 14 of the Dungeon)
 19834 | D:14     | Found Ryluisi's Magic Scroll Shoppe.
 19837 | D:14     | Bought a scroll of acquirement for 884 gold pieces
 19849 | D:14     | Identified a +0 pair of boots of running (You acquired it
                  | on level 14 of the Dungeon)
 19880 | D:14     | Found Beozyax's Food Boutique.
 19923 | D:14     | Found Gurrekal's Weapon Emporium.
 20120 | D:14     | Found a gate to the Vaults.
 20277 | D:14     | Found Tifetoerr's Weapon Boutique.
 20456 | D:15     | Entered Level 15 of the Dungeon
 20468 | D:15     | Reached XP level 15. HP: 142/142 MP: 6/6
 20664 | D:15     | Reached skill level 5 in Dodging
 20740 | D:15     | Noticed Louise
 20774 | D:15     | Killed Louise
 20834 | D:15     | Reached skill level 1 in Shields
 21263 | D:15     | Found a staircase to the Depths.
 21659 | Swamp:1  | Entered Level 1 of the Swamp
 22579 | Swamp:2  | Reached skill level 5 in Shields
 22595 | Swamp:2  | Paralysed by a hornet for 2 turns
 22600 | Swamp:2  | Paralysed by a hornet for 2 turns
 22980 | Swamp:2  | Cast into level 3 of the Abyss (spriggan rider)
 23148 | Abyss:3  | Paralysed by a floating eye for 2 turns
 23160 | Abyss:3  | Reached XP level 16. HP: 138/152 MP: 6/6
 23214 | Abyss:3  | Got an abyssal rune of Zot
 23322 | Swamp:2  | Escaped the Abyss
 23815 | D:14     | Bought a scroll of teleportation for 51 gold pieces
 23815 | D:14     | Bought a scroll of immolation for 59 gold pieces
 23815 | D:14     | Bought a scroll of acquirement for 884 gold pieces
 23815 | D:14     | Bought a scroll of fog for 34 gold pieces
 23816 | D:14     | Got a pair of dazzling gloves
 23827 | D:14     | Identified the +1 pair of gloves of the Arcane {rF+ Dex+10}
                  | (You acquired it on level 14 of the Dungeon)
 23879 | Orc:1    | Entered Level 1 of the Orcish Mines
 24653 | Orc:1    | Noticed Fannar
 24662 | Orc:1    | Killed Fannar
 24970 | Orc:2    | Entered Level 2 of the Orcish Mines
 25087 | Orc:2    | Noticed Nessos
 25101 | Orc:2    | Killed Nessos
 25405 | Orc:2    | Reached skill level 15 in Armour
 25415 | Orc:2    | Found Nuohy's Antique Weapon Emporium.
 25416 | Orc:2    | Found a roughly hewn altar of Beogh.
 25419 | Orc:2    | Found Bofaarru's Antique Armour Shoppe.
 25563 | Orc:2    | Found a roughly hewn altar of Beogh.
 25631 | Orc:2    | Found a roughly hewn altar of Beogh.
 25632 | Orc:2    | Found Kusucvat's Food Emporium.
 25759 | Orc:2    | Found a staircase to the Elven Halls.
 25873 | Orc:2    | Found a roughly hewn altar of Beogh.
 25882 | Orc:2    | Found Bimm's Gadget Boutique.
 25906 | Orc:2    | Bought a wand of iceblast (8) for 192 gold pieces
 25906 | Orc:2    | Bought a wand of acid (8) for 384 gold pieces
 25966 | Orc:2    | Found a roughly hewn altar of Beogh.
 25998 | Orc:2    | Found a roughly hewn altar of Beogh.
 26111 | Elf:1    | Entered Level 1 of the Elven Halls
 26123 | Elf:1    | Reached skill level 10 in Evocations
 26542 | Elf:1    | Reached skill level 10 in Shields
 26693 | Elf:1    | Found a runed door.
 26722 | Elf:1    | Found Tikedih's Book Shoppe.
 26906 | Elf:1    | Found a shimmering altar of Xom.
 26907 | Elf:1    | Noticed lurker's ghost (journeyman MiBe)
 27327 | Elf:2    | Killed from afar by a deep elf mage

Vault maps used:
D:1:      lemuel_arrival_river_ford, lemuel_another_geyser
D:2:      kennysheep_pointless_box
D:3:      uniq_crazy_yiuf_cottage
D:4:      minmay_wonky_spiral, first_ration, enter_ossuary_2
D:5:      minmay_temple_entry_offerings, hangedman_decor_riveting,
          kennysheep_another_room
D:6:      nrook_mini_backslash
D:7:      grunt_temple_overflow_octagram, grunt_ogre_cave
D:8:      grunt_temple_overflow_order_and_chaos_1, uniq_psyche, uniq_gastronok
D:9:      skrybe_limestone_x, uniq_joseph, uniq_erica, uniq_pikel
D:10:     minmay_lair_entry_grove, enter_bailey_1, gammafunk_ghost_split,
          basic_altar, serial_bayou_pond_c, minmay_misc_feat_ornament, uniq_urug
D:11:     serial_shops, bzr_in_the_mist, hex_large, minivault_10,
          nicolae_qazlal_general_emergency, uniq_grum
D:12:     kennysheep_orc_monster_closet_entryway
D:14:     david_vaults_1, serial_shops, shop, kennysheep_mini,
          nicolae_shop_stone, shop, nicolae_shop_behind_doors, glass_columns_c
D:15:     grunt_enter_depths_snipers, uniq_louise
Temple:   oiseaux_autumnal_temple
Lair:1:   beast_lair_carwin_1
Lair:2:   regret_index_combs_of_tragedy, guppyfry_snake_entry_garden
Lair:3:   infiniplex_staircase_pool
Lair:4:   palyth_hydra_swamp_entry, basic_altar
Lair:5:   slime_altar_1, st_stairs_11, minmay_lair_oklob_items
Lair:6:   evilmike_catoblepas_cave, infiniplex_staircase_pool_2,
          serial_bayou_shore_a
Swamp:1:  nicolae_swamp_rocky_clearing, swamp_pool2
Swamp:2:  evilmike_swamp_ruin_house_3
Orc:1:    minmay_goldmine, mines_bat_river, uniq_fannar
Orc:2:    grunt_orc_community_town_hall, grunt_orc_community_big_house_1,
          grunt_orc_community_big_house_2, grunt_orc_community_house_1,
          grunt_orc_community_house_3, grunt_orc_community_house_1,
          grunt_orc_community_house_3, grunt_orc_community_house_2, uniq_nessos
Elf:1:    elf_arrival_002, serial_shops, nicolae_shop_crystal,
          ebering_ghost_xom, minivault_28, minmay_misc_feat_alley
Elf:2:    hangedman_research_thanatology, minmay_shop_grove
Abyss:3:  hangedman_abyss_overflow_altar, evilmike_abyss_rune_ettins
Bazaar:   bazaar_kenran_forest_clearing
Ossuary:  ossuary_minmay_tomb_2a
Bailey:   bailey_polearm_4, bailey

Skill      XL: |  1  2  3  4  5  6  7  8  9 10 11 12 13 14 15 16 |
---------------+-------------------------------------------------+-----
Fighting       | 2 3 4 5 6 7 8 9 10 11 12 | 12.7
Maces & Flails | 3 4 5 6 8 9 11 12 14 15 | 15.6
Armour         | 2 3 4 5 6 7 8 9 11 12 13 14 15 | 15.3
Evocations     | 2 4 5 8 10 | 10.7
Invocations    | 3 6 8 10 12 13 | 13.7
Dodging        | 4 5 |  5.3
Translocations | 5 |  5.3
Shields        | 7 10 | 10.3
Throwing       | |  0.8
Spellcasting   | |  1.7

Action                   |  1- 3 |  4- 6 |  7- 9 | 10-12 | 13-15 | 16-18 || total
-------------------------+-------+-------+-------+-------+-------+-------++-------
Melee: Mace              |   143 |    75 |       |       |       |       ||   218
       Morningstar       |       |   148 |   568 |   863 |   511 |       ||  2090
       Demon whip        |       |       |       |       |   967 |   759 ||  1726
 Fire: Hunting sling     |       |       |    71 |   173 |   108 |     5 ||   357
Throw: Stone             |     4 |    24 |     2 |       |     1 |       ||    31
       Tomahawk          |       |       |       |       |     8 |     1 ||     9
 Cast: Blink             |       |     1 |       |     2 |       |       ||     3
Invok: Lesser Servant of |       |       |       |     4 |     6 |     4 ||    14
       Minor Destruction |       |       |       |       |     3 |     1 ||     4
       Greater Servant o |       |       |       |       |       |     1 ||     1
 Abil: Heal Wounds       |     5 |     6 |    15 |    15 |    15 |     6 ||    62
Evoke: Lamp of fire      |       |       |     2 |     2 |     4 |     2 ||    10
       Wand              |       |       |     9 |    19 |    16 |     5 ||    49
       Sack of spiders   |       |       |       |       |     4 |     1 ||     5
       Phial of floods   |       |       |       |       |     2 |     2 ||     4
  Use: Scroll            |       |     2 |    16 |     9 |    18 |     2 ||    47
       Potion            |       |     1 |       |     6 |     2 |     3 ||    12
 Stab: Distracted        |       |       |       |     1 |       |     1 ||     2
       Invisible         |       |       |       |       |     8 |     2 ||    10
       Held in net/web   |       |       |       |       |     1 |     2 ||     3
       Paralysed         |       |       |       |       |       |     2 ||     2
  Eat: Chunk             |     2 |     6 |    10 |    16 |    24 |    10 ||    68
       Ration            |       |       |     2 |     1 |     2 |     1 ||     6
Armor: Leather armour    |     6 |       |       |       |       |       ||     6
       Ring mail         |    47 |    77 |       |       |       |       ||   124
       Chain mail        |       |   194 |   161 |       |       |       ||   355
       Plate armour      |       |       |   409 |   646 |   550 |   162 ||  1767
Dodge: Dodged            |   103 |   251 |   268 |   439 |   444 |   135 ||  1640
       Deflected         |       |       |       |    12 |       |       ||    12
Block: Other             |       |       |       |       |   109 |       ||   109
       Reflection        |       |       |       |       |    20 |    54 ||    74
       Large shield      |       |       |       |       |   371 |   675 ||  1046

Table legend:
 A = Non-vault XP
 B = Vault XP
 C = Vault XP percentage of total XP
 D = Non-vault monster count
 E = Vault monster count
 F = Vault count percentage of total count
                 A         B        C        D         E       F
            +---------+---------+-------+---------+---------+-------
      Total |  139329 |   63207 |  31.2 |     696 |     281 |  28.8
            +---------+---------+-------+---------+---------+-------
        D:1 |      64 |       0 |   0.0 |      20 |       0 |   0.0
        D:2 |      55 |       0 |   0.0 |      22 |       0 |   0.0
        D:3 |     216 |      40 |  15.6 |      27 |       1 |   3.6
        D:4 |     441 |     125 |  22.1 |      15 |       1 |   6.2
        D:5 |     689 |       0 |   0.0 |      21 |       0 |   0.0
        D:6 |     652 |       0 |   0.0 |       9 |       0 |   0.0
        D:7 |    1810 |     121 |   6.3 |      39 |       1 |   2.5
        D:8 |    1750 |    2707 |  60.7 |      24 |       2 |   7.7
        D:9 |     655 |    2056 |  75.8 |      14 |       3 |  17.6
       D:10 |    2286 |    2224 |  49.3 |      23 |      13 |  36.1
       D:11 |    7526 |     529 |   6.6 |      33 |       4 |  10.8
       D:12 |    4007 |    1568 |  28.1 |      24 |      20 |  45.5
       D:13 |   10982 |       0 |   0.0 |      32 |       0 |   0.0
       D:14 |    7036 |    1880 |  21.1 |      20 |       4 |  16.7
       D:15 |   18673 |    4140 |  18.1 |      43 |       4 |   8.5
     Lair:1 |    4007 |    1132 |  22.0 |      24 |       6 |  20.0
     Lair:2 |    4497 |    5952 |  57.0 |      17 |      43 |  71.7
     Lair:3 |    1984 |       0 |   0.0 |      10 |       0 |   0.0
     Lair:4 |    7373 |    2565 |  25.8 |      27 |       5 |  15.6
     Lair:5 |    9036 |     560 |   5.8 |      36 |       2 |   5.3
     Lair:6 |    1674 |   12262 |  88.0 |       8 |      23 |  74.2
    Swamp:1 |    7884 |       0 |   0.0 |      18 |       0 |   0.0
    Swamp:2 |   16017 |       0 |   0.0 |      33 |       0 |   0.0
      Orc:1 |    3740 |    1581 |  29.7 |      54 |      17 |  23.9
      Orc:2 |    3278 |    7839 |  70.5 |      56 |      72 |  56.2
      Elf:1 |   15247 |    6086 |  28.5 |      25 |      16 |  39.0
      Elf:2 |     828 |       0 |   0.0 |       2 |       0 |   0.0
    Abyss:3 |    6922 |    7847 |  53.1 |      20 |      12 |  37.5
    Ossuary |       0 |     385 | 100.0 |       0 |      16 | 100.0
     Bailey |       0 |    1608 | 100.0 |       0 |      16 | 100.0
            +---------+---------+-------+---------+---------+-------
